Cogmind - Beta 14 @@@ ROGUE MODE // 2024.11.01 @ 21:15:25 Player: OctagonalPrism Result: Destroyed by D-53 Grenadier with Mini Grenade Launcher Performance ------------- Evolutions (0) 0 Regions Visited (2) 400 Robots Destroyed (30) 150 Value Destroyed (600) 600 Prototype IDs (0) 0 Alien Tech Used (0) 0 Bonus (-36) -36 TOTAL SCORE: 1114 Bonus ------- Friendly Fire -36 Cogmind --------- Core Integrity 0/250 Matter 237/300 Energy 125/125 System Corruption 0% Temperature Cool (0) Movement Treading (240) Ox1 Location -10/Mines Parts ------- > --- POWER (1) -------- Light Ion Engine > --- PROPULSION (2) --- Light Treads > --- UTILITY (2) ------ Large Storage Unit Improved Terrain Scanner > --- WEAPON (2) ------- Grenade Launcher > --- INVENTORY (15) --- Ion Engine Compact Wheel Flight Unit Flight Unit Sensor Array Signal Interpreter Terrain Scan Processor ECM Suite Assault Rifle Datajack Peak State ------------ > --- POWER ------------ Light Ion Engine > --- PROPULSION ------- Light Treads Wheel > --- UTILITY ---------- Large Storage Unit Improved Terrain Scanner > --- WEAPON ----------- Assault Rifle Light Assault Rifle > --- INVENTORY -------- Ion Engine Flight Unit Flight Unit Sensor Array Signal Interpreter Terrain Scan Processor ECM Suite Assault Rifle Grenade Launcher [Rating: 10] Favorites ----------- Power Ion Engine Engine Ion Engine Propulsion Light Treads Treads Light Treads Wheel Wheel Utility Improved Terrain Scanner Device Improved Terrain Scanner Storage Large Storage Unit Protection Hardened Light Armor Plating Weapon Assault Rifle Ballistic Gun Assault Rifle Launcher Grenade Launcher Build | -11 -10 -10 ------- Run | Yrd Mat Min Slots Evolved . | . . . Power . | . . . Propulsion . | . . . Utility . | . . . Weapon . | . . . Parts Attached 19 | 7 11 1 Power 2 | 1 1 . Engine 2 | 1 1 . Core . | . . . Reactor . | . . . Propulsion 6 | 2 4 . Treads 2 | 1 1 . Leg . | . . . Wheel 4 | 1 3 . Hover . | . . . Flight . | . . . Utility 6 | 2 4 . Device 3 | 1 2 . Storage 2 | 1 1 . Processor . | . . . Hackware . | . . . Protection 1 | . 1 . Artifact . | . . . Weapon 5 | 2 2 1 Energy Gun . | . . . Energy Cannon . | . . . Ballistic Gun 4 | 2 2 . Ballistic Cannon . | . . . Launcher 1 | . . 1 Special Weapon . | . . . Impact Weapon . | . . . Slashing Weapon . | . . . Piercing Weapon . | . . . Special Melee Weapon . | . . . Unidentified Prototypes . | . . . Parts Lost 7 | . 4 3 Power 1 | . 1 . Propulsion 4 | . 3 1 Utility . | . . . Weapon 2 | . . 2 Highest Loss Streak 3 | . 1 3 To Critical Strikes . | . . . Average Slot Usage (%) 98 | . 98 98 Engine 13 | . 13 14 Treads 14 | . 14 14 Wheel 13 | . 13 13 Device 13 | . 13 14 Storage 14 | . 14 14 Ballistic Gun 27 | . 28 26 Peak Build Rating 10 | 9 10 10 Average Rating 8 | 5 9 9 On Entrance 6 | . 9 10 Naked Turns . | . . . Heaviest Build 29 | 14 29 27 Greatest Support 20 | 20 20 10 Greatest Overweight (x) 2 | . 2 2 Average Overweight (x) 1 | . 1 2 Largest Inventory Capacity 15 | 8 15 15 Average Capacity 12 | 7 12 15 Most Carried 11 | 3 11 11 Average Carried 7 | 2 7 10 Final Capacity 15 | 8 15 15 Final Carried 11 | 3 11 10 Class Distribution -------------------- 100% | Mutant Dominant Class ---------------- Mutant | -10/Materials Mutant | -10/Mines Resources | -11 -10 -10 ----------- Run | Yrd Mat Min Matter Collected 749 | 338 411 . Remotely . | . . . Salvage Created 998 | 145 806 47 Parts 58 | 4 51 3 Haulers Intercepted 2 | . 2 . Recyclers Shooed 3 | . 3 . Parts Field Recycled . | . . . Retrieved Matter . | . . . Parts Self-Destructed . | . . . Prevented . | . . . Kills | -11 -10 -10 ------- Run | Yrd Mat Min Combat Hostiles Destroyed 16 | . 14 2 Guns 16 | . 14 2 Classes Destroyed 10 | 2 7 1 Worker 2 | . 2 . Tunneler 3 | 3 . . Hauler 2 | . 2 . Recycler 1 | 1 . . Mechanic 1 | . 1 . Operator 3 | . 3 . Watcher 3 | . 3 . Swarmer 3 | . 3 . Grunt 12 | . 11 1 Assembled 1 | . . 1 Best Kill Streak 5 | 2 5 2 Combat Bots Only 3 | . 3 2 Max Kills in Single Turn 1 | 1 1 1 Gunslinging . | . . . Exploded . | . . . Melee . | . . . Uniques/NPCs Destroyed . | . . . Combat | -11 -10 -10 -------- Run | Yrd Mat Min Hostile Shots Fired 98 | . 76 22 Missed 24 | . 17 7 Damage Taken 1225 | . 751 474 Core 256 | . 170 86 Absorbed by Shields . | . . . Core Remaining (%) 100 | 100 . . Volleys Fired 111 | 17 80 14 Largest 2 | 2 2 2 Hottest 40 | 40 40 40 Shots Fired 220 | 34 160 26 Gun 218 | 34 160 24 Cannon . | . . . Launcher 2 | . . 2 Special . | . . . Kinetic 218 | 34 160 24 Thermal . | . . . Explosive 2 | . . 2 Electromagnetic . | . . . Robot Hit Streak 13 | 6 13 4 Robot Miss Streak 4 | 3 4 4 Penetration Max . | . . . Secondary Targets 3 | . 3 . Max Gunslinging Chain 1 | . 1 . Shots Hit Robots 138 | 21 104 13 Core Hits 63 | 9 49 5 Critical Kills 1 | . . 1 Critical Parts Destroyed . | . . . Critical Strikes 1 | . . 1 Destroy 1 | . . 1 Melee Attacks . | . . . Impact . | . . . Slashing . | . . . Piercing . | . . . Sneak Attacks . | . . . Combat Hostiles . | . . . Follow-up Attacks . | . . . Damage Inflicted 1594 | 223 1230 141 Guns 1462 | 223 1118 121 Cannons . | . . . Explosions 132 | . 112 20 Melee . | . . . Ramming . | . . . Kinetic 1462 | 223 1118 121 Thermal . | . . . Explosive 132 | . 112 20 Electromagnetic . | . . . Impact . | . . . Slashing . | . . . Piercing . | . . . Highest Corruption . | . . . Average Corruption . | . . . Corruption Purged . | . . . Corruption Blocked . | . . . Overload Shots . | . . . Overflow Damage . | . . . Projectiles . | . . . Explosions . | . . . Melee . | . . . Knockbacks . | . . . Impact . | . . . Kinetic . | . . . Secondary . | . . . Self-Inflicted Damage 101 | . 101 . Shots 1 | . 1 . Rammed . | . . . Targets Rammed . | . . . Kicked . | . . . Crushed . | . . . Highest Temperature 82 | . 82 6 Average Temperature 23 | . 25 6 Received Heat Transfer 321 | . 297 24 Siege Activations . | . . . Robots Corrupted . | . . . Combat Hostiles . | . . . Parts Fried . | . . . Impact Corruptions . | . . . Robots Melted . | . . . Combat Hostiles . | . . . Parts Melted . | . . . Heat Transferred . | . . . Parts Sabotaged . | . . . Parts Stolen . | . . . Parts Stripped . | . . . Power Chain Reactions . | . . . Alert | -11 -10 -10 ------- Run | Yrd Mat Min Peak Influence 257 | 20 257 83 Initial 48 | . 13 48 Average 79 | 10 95 51 Maximum Alert Level 1 | . 1 . Low Security (%) 97 | 100 96 100 Level 1 2 | . 3 . Level 2 . | . . . Level 3 . | . . . Level 4 . | . . . Level 5 . | . . . High Security . | . . . Max Security . | . . . Squads Dispatched 4 | . 4 . Investigation 2 | . 2 . Extermination . | . . . Reinforcement 2 | . 2 . Assault . | . . . Garrison . | . . . Intercept . | . . . Searches Triggered . | . . . Construction Impeded . | . . . Haulers Reinforced . | . . . Active Scanning Responses . | . . . Cargo Convoy Interrupts . | . . . Stealth | -11 -10 -10 --------- Run | Yrd Mat Min Distress Signals . | . . . Communications Jammed . | . . . Distress Signals . | . . . Times Spotted 33 | . 27 6 Peak Tracking Total 4 | . 4 2 Tactical Retreats 3 | . 2 1 Traps | -11 -10 -10 ------- Run | Yrd Mat Min Traps Triggered 2 | . 2 . Indirectly . | . . . Trap Hack Attempts . | . . . Triggered . | . . . Disarmed . | . . . Reprogrammed . | . . . Reused . | . . . Traps Extracted . | . . . Installed . | . . . Triggered . | . . . Machines | -11 -10 -10 ---------- Run | Yrd Mat Min Machines Disabled 1 | . 1 . Max in Single Turn 1 | . 1 . Machines Repaired . | . . . Machines Dismantled . | . . . Machines Sabotaged . | . . . Overloaded Fab Kills . | . . . Hacking | -11 -10 -10 --------- Run | Yrd Mat Min Machines Accessed 5 | . 5 . Terminals 4 | . 4 . Fabricators . | . . . Repair Stations . | . . . Recycling Units 1 | . 1 . Scanalyzers . | . . . Garrison Access . | . . . Total Hacks 11 | . 11 . Successful 6 | . 6 . Failed 5 | . 5 . Catastrophic . | . . . Database Lockouts . | . . . Manual 8 | . 8 . Terminals 9 | . 9 . Fabricators . | . . . Repair Stations . | . . . Recycling Units 2 | . 2 . Scanalyzers . | . . . Garrison Access . | . . . Terminal Hacks 2 | . 2 . Robot Analysis 1 | . 1 . Terminal Index 1 | . 1 . Fabricator Hacks . | . . . Repair Station Hacks . | . . . Recycling Unit Hacks 1 | . 1 . Report Inventory 1 | . 1 . Scanalyzer . | . . . Garrison Access Hacks . | . . . Unauthorized Hacks 3 | . 3 . Terminals 2 | . 2 . Assimilate 1 | . 1 . Operators 1 | . 1 . Fabricators . | . . . Repair Stations . | . . . Recycling Units 1 | . 1 . Recyclers 1 | . 1 . Scanalyzers . | . . . Garrison Access . | . . . Data Cores Recovered . | . . . Used . | . . . Hacking Detections 4 | . 4 . Full Trace Events 1 | . 1 . Feedback Events . | . . . Feedback Blocked . | . . . Robot Schematics Acquired . | . . . Robots Built . | . . . Authchips . | . . . Time . | . . . Total Robot Build Rating . | . . . Part Schematics Acquired . | . . . Parts Built . | . . . Authchips . | . . . Time . | . . . Total Part Build Rating . | . . . Parts Repaired . | . . . Time . | . . . Parts Recycled . | . . . Recycled Matter . | . . . Retrieved Matter . | . . . Retrieved Components . | . . . Parts Scanalyzed . | . . . Part Schematics Acquired . | . . . Parts Damaged . | . . . Bothacking | -11 -10 -10 ------------ Run | Yrd Mat Min Used RIF Installer . | . . . Robots Hacked . | . . . Non-combat . | . . . Combat . | . . . Robot Hacks Applied . | . . . Relay Couplers Released . | . . . Fabnet Peak Effective % . | . . . Robots Rewired . | . . . Allies Hacked . | . . . Hacks Repelled . | . . . Allies | -11 -10 -10 -------- Run | Yrd Mat Min Total Allies 1 | . 1 . Largest Group 1 | . 1 . Highest-Rated Group 10 | . 10 . Highest-Rated Ally 10 | . 10 . Total Orders 1 | . 1 . STAY 1 | . 1 . Ally Attacks . | . . . Total Damage . | . . . Kills . | . . . Allies Corrupted . | . . . Allies Melted . | . . . Intel | -11 -10 -10 ------- Run | Yrd Mat Min Robot Analysis Total 1 | . 1 . Derelict Logs Recovered 1 | . . 1 Drone Launches . | . . . Drone Recoveries . | . . . Exploration | -11 -10 -10 ------------- Run | Yrd Mat Min Turns Passed 1781 | 240 1360 181 Spaces Moved 1038 | 119 789 130 Core 9 | 9 . . Treads 374 | 109 265 . Legs . | . . . Wheels 655 | 1 524 130 Hover . | . . . Flight . | . . . Fastest Speed 50 | 50 95 110 Average Speed 133 | 151 134 110 Slowest Speed 240 | 160 240 110 Overloaded Moves . | . . . Propulsion Burnouts . | . . . Robots Hopped . | . . . Cave-ins Triggered . | . . . Exploration Rate (%) 44 | 8 90 35 Regions Visited 2 Branch Regions 1 Pre-discovered Areas . | . . . Known Exits Taken . | . . . Unknown Exits Taken 2 | 1 1 . Scrap Searched 1 | . . 1 Spaces Dug . | . . . Terrain Destroyed 41 | . 30 11 Melee . | . . . Projectile . | . . . AOE 41 | . 30 11 Terrain Rammed . | . . . Walls Destroyed . | . . . Machines Disabled . | . . . Actions | -11 -10 -10 --------- Run | Yrd Mat Min Total 1230 | 145 940 145 Wait 45 | . 45 . Move 1036 | 118 788 130 Hop . | . . . Pick Up 14 | 3 11 . Fast Attach 8 | 7 1 . Attach 5 | . 4 1 Detach 1 | . 1 . Swap 6 | . 6 . Drop 4 | . 4 . Fire 111 | 17 80 14 Melee . | . . . Ram . | . . . Kick . | . . . Crush . | . . . Escape Stasis . | . . . Rewire . | . . . Trap . | . . . Miscellaneous . | . . . Route ------- -11/Scrapyard -10/Materials (discovered 4 exits: [*Mat x3] / [*Min]) -10/Mines (discovered 1 exit: [*Mat]) History --------- Turn | Location | Event 5 | -11/Scrapyard | Discovered new exit (range 16) 241 | -11/Scrapyard | Entered Materials 318 | -10/Materials | Build established: Mutant 363 | -10/Materials | Discovered new exit (range 14) 471 | -10/Materials | Discovered new exit (range 8) 1208 | -10/Materials | Core integrity fell below 50% 1468 | -10/Materials | Discovered new exit (range 9) 1522 | -10/Materials | Discovered new exit (range 13) 1601 | -10/Materials | Entered Mines 1670 | -10/Mines | Discovered new exit (range 15) 1731 | -10/Mines | Assembled infested the area 1762 | -10/Mines | Core integrity fell below 20% 1782 | -10/Mines | Destroyed by D-53 Grenadier with Mini Grenade Launcher Last Messages --------------- 01670_ EXIT=FOUND 01710_ Searching scrap... 01710_ Found Propulsion Shielding. 01710_ Found Huge Storage Unit. 01710_ Found Med. Storage Unit. 01710_ Found 47 Matter. 01715_ K-01 Serf collects debris. 01731_ ALERT: Infestation in the mines, dispatching Demolisher response squad. 01731_ Acquired derelict log, extracted data. Data stored: Mines entrances (x2). 01754_ G-34 Mercenary suffers critical hit (Destroy). 01754_ G-34 Mercenary destroyed. 01772_ as-19201 destroyed. 01774_ as-36686 destroyed. 01776_ Wheel destroyed. 01778_ Lgt. Assault Rifle destroyed. 01779_ The unstable cave ceiling collapses. 01779_ Assault Rifle destroyed. 01782_ The unstable cave ceiling collapses. Map ----- +----------------------------------------------------+ | ???????????????????## ?????????# < | | ???????????????????? ?????????############### | | ??????????????????? ????????????????????????### | | ?????????????????? ????????????#?????????????### | | ?????????????????? ??????? ??????????????#??????# | | ???????????????????????? ?????????????########### | | ??????????????????????????????????????#!%! | | ????????????????????????? ????????????#!#### | | ???????????????????????#??????????????# #??# | | ????????????????????????????#?????????# #??# | | ?????????????????????##???????????????# #??# ## # | | ?????????????????????#??????#??#??????# ##?# ##### | | ????????????????#???????????????####### #??# #???? | | ?????????????????????????###????# #?## #???? | | ????????????????????????# ###?## ##### #??# ???? | | ???????????????????????## #??# #???# #??###???? | | ??????????????????????## ##?# #??? #????????? | | ?????????????????#???## ### #??? ?#??????? | | ?????????????????????# ## #??? ????????? | | ?????????????????????# *%! #??? ???#????? | | ??????????????????????# =#####??? ????????? | | ?????????????????????## d #??????? ???????? | | ????????????????????## d #??????# ????????? | | ????????????????????# # ##?#? ?# ###???????? | | ????????????????#???# #???#?# ??????????? | | ?????????????#?????## @ #??????? ??????????? | | ????????????????????# #???#??? ??????????? | | ????????????????????# #??????? ??????????? | | ???????????????????# #??????????????????? | | ?????????????#???## #??????????????????? | | ?????????????????# #### ?????????????????? | | ?????????????????# ???# ###????? ??????????? | | ?????????????????## ???? $ #??????????????????? | | ??????????????????###???? ##??????#???????????? | | ????????????????????????? ##???????????????????? | | ???????????????????????? ##???????????????????? | | ????????????????#???????? ##????????????????????? | | ?????????????????????????###?????????????????????? | | ?????????????????????????????????????????????????? | | ??????????????????#??????????????????????????????? | | ?????????????????????????????????????????????????? | | ?????????????????????????????????????????????????? | | ?????????????????????????????????????????????????? | | ?????????????????????????????????????????????????? | | ?????????????????????????????????????????????????? | | ?????????????????????????????????????????????????? | | ?????????????????????????????????????????????????? | | ?????????????????????????????????????????????????? | | | | | +----------------------------------------------------+ Best States ------------- Heat Dissipation 25 Energy Generation 10 Energy Capacity 250 Matter Stores 300 Matter Capacity 300 Sight Range 16 Terrain Scan Range 16 Terrain Scan Density 10 Armor Coverage 150 Evasion (%) 44 Recoil Reduction 1 Item Schematics ----------------- None Robot Schematics ------------------ None Fabricated ------------ Nothing Alien Tech Used ----------------- None Achievements -------------- None Challenges ------------ None Game ------ Seed SystemSchematicWheel Manual? 0 Play Time 00:14:05 Cumulative 166.7 hours Start 2024.11.01 @ 21:02:46 End 2024.11.01 @ 21:15:25 Sessions 1 Manual Loads 0 Difficulty Rogue Special Mode None Game No. 136 Rogue 136 Adventurer 0 Explorer 0 Win Type - Total 3 Types 2/0/1/0/0/0/0/0/0 Lore% 62 Gallery% 65 Achievement% 50 Wizard Run 0 Options --------- Layout 2 ASCII 0 Keyboard 0 Movement Numpad Keybinds 0 Fullscreen 1 Font 16/Terminus Map View 55x47 Zoom Use 0% Tactical HUD 1 Map Filters NONE Filters NONE Steam 1 RUN: 0faef20a-e6b4-43a9-a135-4b8df2e0c925